 Dungeon Crawl Stone Soup version 0.29-a0-359-g541a27f54d (webtiles) character file.

Game seed: 15568926619778401838

54 Morbidden the Skirmisher (level 3, -1/27 (29) HPs)
             Began as a Demonspawn Fighter on Apr 27, 2022.
             Succumbed to a gnoll's poison
             ... on level 3 of the Dungeon.
             The game lasted 00:01:25 (1501 turns).

Morbidden the Skirmisher (Demonspawn Fighter)       Turns: 1501, Time: 00:01:25

HP:   -1/27 (29)    AC: 11    Str: 18    XL:     3   Next: 66%
MP:   2/3           EV: 10    Int:  9    God:
Gold: 102           SH:  8    Dex: 12    Spells: 3/3 levels left

rFire   . . .      SeeInvis .   a - +0 war axe
rCold   . . .      Faith    .   c - +0 buckler
rNeg    . . .      Spirit   .   e - +0 plate armour
rPois   .          Reflect  .   (no helmet)
rElec   .          Harm     .   (no cloak)
rCorr   .          Rampage  .   (no gloves)
Will    .....                   (no boots)
Stlth   ..........              (no amulet)
HPRegen 0.09/turn               (no ring)
MPRegen 0.08/turn               (no ring)

@: mighty, agile, lethally poisoned (-1 -> -10), flying, slowed, drained, very
slow
A: large bone plates 1
a: no special abilities


You were on level 3 of the Dungeon.
You visited 1 branch of the dungeon, and saw 3 of its levels.

You collected 102 gold pieces.

Inventory:

Hand Weapons
 a - a +0 war axe (weapon)
Missiles
 h - 6 boomerangs (quivered)
Armour
 c - a +0 buckler (worn)
 e - a +0 plate armour (worn)
Scrolls
 b - 3 scrolls of identify {unknown}
 f - 2 scrolls of noise {unknown}
 g - a scroll of vulnerability {unknown}
 i - a scroll of fog {unknown}
 k - a scroll of magic mapping {unknown}
Potions
 d - a potion of might


   Skills:
 * Level 3.3 Fighting
 * Level 2.6 Axes
 + Level 2.9 Armour
 * Level 0.6 Dodging
 + Level 2.9 Shields
 * Level 0.6 Spellcasting


You had 3 spell levels left.
You didn't know any spells.
Your spell library contained the following spells:

 Spells                   Type           Power      Damage    Failure   Level
 Blink                    Tloc           0%         N/A       100%        2
 Manifold Assault         Tloc           0%         N/A       100%        5
 Storm Form               Tmut/Air       0%         N/A       100%        7


Dungeon Overview and Level Annotations

Branches:
Dungeon (3/15)

Altars:
Xom

Annotations:
D:3 1 runed translucent door, Crazy Yiuf


Innate Abilities, Weirdness & Mutations

You are partially covered in large bone plates. (SH +4)


Message History

You are lethally poisoned!
Unknown command.
Unknown command.
It was a potion of curing.
You feel better. The gnoll closely misses you. x3
The gnoll hits you with a +0 club of chaos.
The gnoll burns you.
* * * LOW HITPOINT WARNING * * *
You block the gnoll's attack.
The gnoll hits you with a +2 dagger of chaos.
* * * LOW HITPOINT WARNING * * *
The gnoll freezes you.
* * * LOW HITPOINT WARNING * * *
The gnoll hits you but does no damage.
Unknown command.
Unknown command.
Unknown command.
It was a potion of flight.
You feel very buoyant.
You fly up into the air.
You block the gnoll's attack. The gnoll hits you but does no damage.
You feel drained. The gnoll hits you but does no damage.
The gnoll barely misses you.
The gnoll hits you with a +2 dagger of chaos.
* * * LOW HITPOINT WARNING * * *
You are lethally poisoned!
The gnoll hits you but does no damage. x3
Unknown command.
Unknown command.
Unknown command.
Unknown command.
Unknown command.
You slash the gnoll!
You kill the gnoll!
You slash the gnoll!
You kill the gnoll!
You hear a splash.
You barely miss the gnoll. You slash the gnoll!
You kill the gnoll!
You slash the gnoll!
You kill the gnoll!
You die...

##.## ≈..≈ ..≈# ## ###
#≈.. #≈#######.## #..≈
#..#......#.## #.≈b
≈≈.#.###.###.###
##≈##.)#g≈.#...g## ##...
#≈.§.≈)@≈.⌠..###.###.###
#.[≈#.#))≈.#.# #.#)## #
_..#≈#...#.# #.##
#≈#^...#.≈.#b## #.#
.#≈.≈⌠^#.##..####.####
#≈..≈.#.#≈.#..........#
##.#...#≈.##..####..#.#
##≈..# ####.#####..# #
##..........#


You could see a gnoll and a bat.

Vanquished Creatures
  Terence (D:3)
  4 gnolls (D:3)
  3 dart slugs
  2 endoplasms
  2 giant cockroaches (D:1)
  A goblin (D:2)
  2 hobgoblins
  3 jackals (D:2)
  2 ball pythons
  3 bats
  2 kobolds
  3 rats (D:2)
28 creatures vanquished.

Notes
Turn   | Place    | Note
-------+----------+-------------------------------------------
     0 | D:1      | Morbidden the Demonspawn Fighter began the quest for the
                  | Orb.
     0 | D:1      | Reached XP level 1. HP: 18/18 MP: 1/1
   346 | D:1      | Found a faded altar of an unknown god.
   430 | D:1      | Gained mutation: You are partially covered in large bone
                  | plates. (SH +4) [demonic ancestry]
   430 | D:1      | Reached XP level 2. HP: 24/24 MP: 2/2
  1201 | D:3      | Reached XP level 3. HP: 29/29 MP: 3/3
  1241 | D:3      | Found a runed translucent door.
  1242 | D:3      | Noticed Crazy Yiuf
  1264 | D:3      | Noticed Terence
  1273 | D:3      | Killed Terence
  1490 | D:3      | Found a shimmering altar of Xom.
  1501 | D:3      | Succumbed to a gnoll's poison

Illustrated notes

Levels and vault maps discovered:
D:1:      scummos_arrival_star, layout_basic, hellmonk_ecumenical_altar_lost_god
D:2:      minmay_inner_zag, layout_loops_cross, kennysheep_generic_room_14
D:3:      layout_loops_ring, tgw_xom, mainiacjoe_overflow_divided_tiny,
          serial_shops, shop, patterned_corridor, uniq_crazy_yiuf_cottage,
          uniq_terence

Skill      XL: |  1  2 |
---------------+-------+-----
Axes           | 2 |  2.6
Fighting       | |  3.3
Armour         | |  2.9
Dodging        | |  0.6
Shields        | |  2.9
Spellcasting   | |  0.6

Action                   || total
-------------------------++-------
Melee: War axe           ||    87
  Use: Potion            ||     3
Armor: Plate armour      ||    74
Dodge: Dodged            ||    34
Block: Buckler           ||    59

Table legend: (Time is in decaauts)
 A = Elapsed time spent in this place.
 B = Non-inter-level travel time spent in this place.
 C = Inter-level travel time spent in this place.
 D = Time resting spent in this place.
 E = Time spent auto-exploring this place.
 F = Levels seen in this place.
 G = Mean time per level.
                   A        B        C        D        E       F      G
               +--------+--------+--------+--------+--------+-----+--------+
         Total |   1541 |   1457 |     84 |    142 |   1064 |   3 |  513.7 |
       Dungeon |   1541 |   1457 |     84 |    142 |   1064 |   3 |  513.7 |
               +--------+--------+--------+--------+--------+-----+--------+

Top non-repeatable levels by time:
     D:1: 656 daAuts
     D:2: 569 daAuts
     D:3: 315 daAuts
